 Dungeon Crawl Stone Soup version 0.28-a0-178-ga708605c5b (webtiles) character file.

Game seed: 9850285699085036724

94 loansindi the Covered (level 4, -1/29 HPs)
             Began as a Gargoyle Fighter on Aug 17, 2021.
             Was an Initiate of Nemelex Xobeh.
             Slain by an ogre (25 damage)
             ... on level 3 of the Dungeon.
             The game lasted 00:12:25 (2391 turns).

loansindi the Covered (Gargoyle Fighter)            Turns: 2391, Time: 00:12:26

Health: -1/29      AC: 16    Str: 20    XL:     4   Next: 63%
Magic:  4/4        EV:  5    Int:  8    God:    Nemelex Xobeh [......]
Gold:   135        SH:  8    Dex: 10    Spells: 3/3 levels left

rFire   . . .      SeeInvis .   z - +0 short sword (venom)
rCold   . . .      Faith    .   c - +0 kite shield
rNeg    + . .      Spirit   .   n - +0 chain mail
rPois   ∞          Reflect  .   j - +0 helmet
rElec   +          Harm     .   A - +1 cloak
rCorr   .          Rampage  .   (no gloves)
Will    .....                   (no boots)
Stlth   ..........              (no amulet)
HPRegen 0.09/turn               (no ring)
MPRegen 0.09/turn               (no ring)

@: no status effects
A: sickness immunity, AC +3, negative energy resistance 1, electricity
resistance, torment resistance 1, petrification resistance
a: Renounce Religion, Draw Escape, Draw Destruction, Draw Summoning


You were on level 3 of the Dungeon.
You worshipped Nemelex Xobeh.
Nemelex Xobeh was noncommittal.
You visited 1 branch of the dungeon, and saw 3 of its levels.

You collected 135 gold pieces.

Inventory:

Hand Weapons
 a - a +0 long sword
 m - a +0 mace
 p - a +0 dagger
 u - a +0 whip
 z - a +0 short sword of venom (weapon)
 D - a +1 hunting sling of flaming
Missiles
 e - 57 bolts
 f - 122 stones (quivered)
 y - 14 sling bullets
Armour
 b - a +0 scale mail
 c - a +0 kite shield (worn)
 h - a +0 cloak
 j - a +0 helmet (worn)
 l - a +0 ring mail
 n - a +0 chain mail (worn)
 q - a +0 helmet
 A - a +1 cloak (worn)
Jewellery
 v - a ring of willpower
 B - a ring of magical power
Scrolls
 o - 3 scrolls of identify {unknown}
 s - 2 scrolls of summoning {unknown}
 w - a scroll of amnesia {unknown}
 C - a scroll of fear {unknown}
 E - a scroll of blinking {unknown}
Potions
 d - a potion of might
 g - a potion of heal wounds {unknown}
 i - a potion of mutation {unknown}
 k - a potion of lignification {unknown}
 r - 2 potions of haste {unknown}
 t - 2 potions of curing
 x - a potion of magic {unknown}


   Skills:
 + Level 3.8 Fighting
 + Level 0.1(1.6) Short Blades
 + Level 2.8 Long Blades
 + Level 4.0 Armour
 + Level 0.1 Dodging
 + Level 0.5 Stealth
 + Level 3.8 Shields


You had 3 spell levels left.
You didn't know any spells.
Your spell library contained the following spells:

 Spells                   Type           Power      Damage    Failure   Level
 Summon Small Mammal      Summ           0%         N/A       100%        1
 Call Canine Familiar     Summ           0%         N/A       100%        3
 Summon Guardian Golem    Hex/Summ       0%         N/A       100%        3


Dungeon Overview and Level Annotations

Branches:
Dungeon (3/15)

Altars:
Nemelex Xobeh


Innate Abilities, Weirdness & Mutations

You are immune to sickness and miasma.
Your stone body is resilient. (AC +3)
You are immune to poison.
You resist negative energy. (rN+)
You are resistant to electric shocks. (rElec)
You are resistant to unholy torment.
You are immune to petrification.


Message History

The goblin hits you with a +0 club.
You hit the goblin.
You kill the goblin!
You see here a +0 club.
You open the door.
There is an open door here.
You open the door.
There is an open door here.
You open the door.
There is an open door here.
Found an escape hatch in the ceiling.
A rat comes into view.
You see here a potion of curing.
t - 2 potions of curing (gained 1)
You hit the rat.
You kill the rat!
There is an escape hatch in the ceiling here.
You see here a rat corpse.
You see here a +0 dagger.
Found a stone staircase leading up.
You open the door.
There is an open door here.
Why would you want to do that?
Found an escape hatch in the floor.
Found a stone staircase leading down.
You open the door.
There is an open door here.
f - 122 stones (gained 9)
You now have 135 gold pieces (gained 9).
An ogre comes into view. It is wielding a +0 giant club.
The ogre shouts!
The ogre barely misses you.
You hit the ogre but do no damage.
The ogre is poisoned.
The ogre hits you with a +0 giant club.
You hit the ogre.
The ogre is lightly wounded.
The ogre hits you with a +0 giant club!!
Ouch! That really hurt!
You die...
Your body disappears without a glow.

#### ### #..####### #.#
###############.........
#.# .................#
#.. ###############..#
#.# #.@# #.# #.O# #..
###### #..# ### ......
.... ...# #######
#...###.# ....... #...#
#.# #.## ######. #...#
#.# #.#... #...# #.#
#.#..# +...+ #.#..#


You could see an ogre (very poisoned).

Vanquished Creatures
  Jessica (D:2)
  Terence (D:2)
  A dart slug (D:1)
  7 orcs (D:3)
  A bat (D:3)
  3 endoplasms
  A giant cockroach (D:2)
  4 goblins
  2 hobgoblins (D:3)
  2 kobolds
  A quokka (D:3)
  5 ball pythons
  4 rats
33 creatures vanquished.

Notes
Turn   | Place    | Note
-------+----------+-------------------------------------------
     0 | D:1      | loansindi the Gargoyle Fighter began the quest for the Orb.
     0 | D:1      | Reached XP level 1. HP: 14/14 MP: 1/1
   418 | D:1      | Reached XP level 2. HP: 13/19 MP: 2/2
   713 | D:2      | Noticed Terence
   732 | D:2      | Killed Terence
   733 | D:2      | Reached XP level 3. HP: 6/23 MP: 3/3
  1264 | D:2      | Noticed Jessica
  1274 | D:2      | Killed Jessica
  1275 | D:2      | Reached XP level 4. HP: 26/29 MP: 4/4
  1726 | D:3      | Reached skill level 4 in Armour
  2087 | D:3      | Found a sparkling altar of Nemelex Xobeh.
  2095 | D:3      | Became a worshipper of Nemelex Xobeh the Trickster
  2385 | D:3      | Noticed an ogre
  2391 | D:3      | Slain by an ogre

Illustrated notes

Levels and vault maps discovered:
D:1:      dpeg_arrival_more_subterranean_lakeside_camping, layout_loops_ring,
          chequers_serial_rivers_micro_a, dk_noncrumbling_4
D:2:      layout_rooms, corner_web_ring, uniq_jessica, uniq_terence
D:3:      layout_basic, nemelex_spade_bored_becter, minmay_liquid_box

Skill      XL: |  1  2  3  4 |
---------------+-------------+-----
Long Blades    | 2 |  2.8
Armour         | 4 |  4.0
Fighting       | |  3.8
Short Blades   | |  0.1
Dodging        | |  0.1
Stealth        | |  0.5
Shields        | |  3.8

Action                   |  1- 3 |  4- 6 || total
-------------------------+-------+-------++-------
Melee: Long sword        |    41 |    12 ||    53
       Short sword       |       |    38 ||    38
Armor: Scale mail        |    16 |       ||    16
       Chain mail        |     7 |    15 ||    22
Dodge: Dodged            |     9 |     8 ||    17
Block: Kite shield       |    13 |    17 ||    30
       Rpst.: Long sword |     4 |       ||     4

Table legend: (Time is in decaauts)
 A = Elapsed time spent in this place.
 B = Non-inter-level travel time spent in this place.
 C = Inter-level travel time spent in this place.
 D = Time resting spent in this place.
 E = Time spent auto-exploring this place.
 F = Levels seen in this place.
 G = Mean time per level.
                   A        B        C        D        E       F      G
               +--------+--------+--------+--------+--------+-----+--------+
         Total |   2428 |   2428 |      0 |      0 |   1650 |   3 |  809.3 |
       Dungeon |   2428 |   2428 |      0 |      0 |   1650 |   3 |  809.3 |
               +--------+--------+--------+--------+--------+-----+--------+

Top non-repeatable levels by time:
     D:2: 898 daAuts
     D:3: 887 daAuts
     D:1: 643 daAuts
